 Dungeon Crawl Stone Soup version 0.18-a0-917-g8a3da5b (webtiles) character file.

2290 cluie the Conjurer (level 9, -1/66 HPs)
             Began as a Demonspawn Fire Elementalist on Dec 26, 2015.
             Was an Initiate of Gozag.
             Shot with an arrow of flame by a centaur (6 damage)
             ... on level 7 of the Dungeon.
             The game lasted 00:13:25 (5928 turns).

cluie the Conjurer (Demonspawn Fire Elementalist)   Turns: 5928, Time: 00:13:26

Health: -1/66      AC:  6    Str:  9    XL:     9   Next: 17%
Magic:  16/16      EV: 14    Int: 24    God:    Gozag
Gold:   217        SH:  0    Dex: 14    Spells: 4 memorised, 4 levels left

rFire  + . .     SeeInvis .     x - +0 scimitar
rCold  . . .     Gourm    +     E - +1 robe {Archmagi}
rNeg   . . .     Faith    .     (no shield)
rPois  .         Spirit   .     l - +0 helmet
rElec  .         Dismiss  .     A - +0 cloak
rCorr  .         Reflect  .     (no gloves)
SustAt .         Harm     .     t - +0 pair of boots
MR     .....     Rnd*Tele +     j - amulet of the gourmand
Stlth  ++........               g - ring of teleportation (curse)
                                i - +5 ring of intelligence

@: not resistant to hostile enchantments, unstealthy
A: fire resistance 1, spiny 1, flame cloud immunity, sturdy frame 2
a: Potion Petition, Call Merchant, Bribe Branch, Renounce Religion, Evoke
Teleportation


You were on level 7 of the Dungeon.
You worshipped Gozag.
Gozag was noncommittal.
You were not hungry.

You visited 2 branches of the dungeon, and saw 8 of its levels.
You also visited: Sewer.

You collected 323 gold pieces.
You paid 106 gold pieces to Gozag.

Inventory:

Hand Weapons
 x - a +0 scimitar (weapon)
Armour
 l - a +0 helmet (worn)
 r - a +0 ring mail
 t - a +0 pair of boots (worn)
 A - a +0 cloak (worn)
 D - a +0 leather armour of cold resistance
 E - a +1 robe of the Archmagi (worn)
Jewellery
 g - a cursed ring of teleportation (right hand)
 i - a +5 ring of intelligence (left hand)
 j - an amulet of the gourmand (around neck)
 m - an uncursed ring of magical power
Wands
 f - a wand of confusion (37/48)
 q - a wand of draining (6/15)
 s - a wand of magic darts (23/48)
 y - a wand of digging (11/24)
 z - a wand of flame (24/48)
 F - a wand of random effects (28/48)
Scrolls
 a - 2 scrolls of recharging
 d - 5 scrolls of teleportation
 u - 2 scrolls of magic mapping {unknown}
 v - a scroll of enchant weapon
 C - a scroll of blinking
Potions
 e - 3 potions of flight
 h - 2 potions of brilliance
 n - 2 potions of heal wounds
 o - 2 potions of curing
 w - 2 potions of lignification {unknown}
 G - a potion of invisibility {unknown}
Books
 b - a book of Flames

   Spells                             Type                      Level
   a - Flame Tongue                   Conjuration/Fire             1
   b - Throw Flame                    Conjuration/Fire             2
   c - Conjure Flame                  Conjuration/Fire             3
   d - Inner Flame                    Hexes/Fire                   3
   e - Sticky Flame                   Conjuration/Fire             4
   f - Fireball                       Conjuration/Fire             5
Comestibles
 c - 5 bread rations
 k - a royal jelly
 p - 5 meat rations
 B - a beef jerky


   Skills:
 + Level 4.7 Fighting
 + Level 2.9 Long Blades
 + Level 4.8 Dodging
 - Level 1.7 Stealth
 + Level 4.8 Spellcasting
 + Level 6.0 Conjurations
 + Level 5.4 Fire Magic


You had 4 spell levels left.
You knew the following spells:

 Your Spells              Type           Power        Failure   Level  Hunger
a - Flame Tongue          Conj/Fire      #####        1%          1    None
b - Conjure Flame         Conj/Fire      ######..     2%          3    ##.....
c - Sticky Flame          Conj/Fire      ######..     12%         4    ####...
d - Fireball              Conj/Fire      ######....   28%         5    #####..


Dungeon Overview and Level Annotations

Branches:
Dungeon (7/15)             Temple (1/1) D:7

Altars:
Cheibriados
Dithmenos
Elyvilon
Fedhas
Gozag
Kikubaaqudgha
Makhleb
Nemelex Xobeh
Okawaru
Pakellas
Ru
Sif Muna
Trog
Vehumet
Xom
Yredelemnul
Zin
The Shining One


Innate Abilities, Weirdness & Mutations

Your flesh is heat resistant.
You are partially covered in sharp spines.
You are immune to clouds of flame.
Your movements are less encumbered by armour (ER -4).


Message History

The ogre shouts!
You hear a shout!
You hear an angry hiss.
You hear a shout!
You hear a shout!
You hit the ogre.
The ogre is lightly wounded.
The ogre hits you with a giant club!!
The centaur wields a shortbow.
The centaur shoots an arrow of flame.
The arrow of flame misses you.
A centaur comes into view. It is wielding a shortbow.
You barely miss the ogre.
The ogre is lightly wounded.
The centaur shoots an arrow of flame.
The arrow of flame hits you. The arrow of flame burns you.
The ogre is struck by your spines. The ogre closely misses you.
The centaur shoots an arrow of flame.
The arrow of flame hits you! The arrow of flame burns you.
You hit the ogre.
The ogre is moderately wounded.
The ogre is struck by your spines. The ogre hits you with a giant club!!
* * * LOW HITPOINT WARNING * * *
The centaur shoots an arrow of flame.
The arrow of flame hits you.
You die...
Your body crumbles into a pile of gold.

. .#. #.
#......#......### .# #
. ######.........##.##
..### ###(..........#
...# ###.....#........
#..###.........#..#...
#..#.......#.###.# #.
####.....##...#.# ...
#........##...... ...
...#####.@##..#.#.
.#.. . #..O........ #.
#...........
#.##....... #. .[##...
#. #.# .. .. .# . . c.


You could see an ogre and a centaur.

Vanquished Creatures
  Grinder (D:3)
  Eustachio (D:5)
  Menkaure (D:5)
  A hippogriff (D:6)
  Duvessa (D:5)
  An orc warrior (D:4)
  2 ogres
  A big kobold (Sewer)
  2 centaurs
  A gnoll sergeant (D:4)
  Blork the orc (D:5)
  A giant frog (D:7)
  Dowan (D:5)
  2 scorpions
  A crimson imp (D:6)
  A jelly (D:5)
  An orc priest (D:5)
  2 hounds
  Crazy Yiuf (D:2)
  A giant frog skeleton (D:7)
  An orc wizard (D:7)
  Ijyb (D:3)
  Terence (D:2)
  4 iguanas
  3 worker ants
  A killer bee zombie (D:5)
  A hound skeleton (D:5)
  A hound zombie (D:5)
  Robin (D:3)
  A river rat (Sewer)
  A worker ant zombie (D:6)
  6 adders
  4 gnolls (D:4)
  A shadow imp (D:7)
  2 adder skeletons
  An adder zombie (D:5)
  4 worms
  5 giant geckos
  19 orcs
  A ball python (D:3)
  7 giant cockroaches
  14 hobgoblins
  7 jackals
  5 kobolds
  A quokka (D:2)
  A ball python skeleton (D:4)
  13 bats
  6 giant newts
  14 goblins
  2 quokka skeletons
  14 rats
167 creatures vanquished.

Notes
Turn   | Place    | Note
--------------------------------------------------------------
     0 | D:1      | cluie the Demonspawn Fire Elementalist began the quest for the Orb.
     0 | D:1      | Reached XP level 1. HP: 13/13 MP: 3/3
    90 | D:1      | Gained mutation: You are partially covered in sharp spines. [demonic ancestry]
    90 | D:1      | Reached XP level 2. HP: 8/20 MP: 0/5
   591 | D:2      | Noticed an angel
   592 | D:2      | Found a glowing silver altar of Zin.
   628 | D:2      | Gained mutation: Your movements are slightly less encumbered by armour (ER -2). [demonic ancestry]
   628 | D:2      | Reached XP level 3. HP: 15/25 MP: 1/6
   632 | D:2      | oooooh sturdy
   701 | D:2      | Learned a level 3 spell: Conjure Flame
   919 | D:2      | Reached skill level 3 in Fire Magic
  1025 | D:2      | Gained mutation: Your flesh is heat resistant. [demonic ancestry]
  1025 | D:2      | Reached XP level 4. HP: 13/31 MP: 4/7
  1056 | D:2      | Noticed Terence
  1479 | D:3      | Noticed Grinder
  1528 | D:3      | Noticed Ijyb
  1529 | D:3      | Found an oddly glowing altar of Pakellas.
  1529 | D:3      | Found a snail-covered altar of Cheibriados.
  1529 | D:3      | Found a sacrificial altar of Ru.
  1618 | D:3      | Noticed Robin
  1620 | D:3      | Killed Ijyb
  1621 | D:3      | Reached skill level 1 in Fighting
  1624 | D:3      | Killed Robin
  1625 | D:3      | Reached XP level 5. HP: 18/37 MP: 3/8
  1719 | D:3      | Found a glowing drain.
  1726 | Sewer    | Entered a sewer
  1780 | Sewer    | Found a white marble altar of Elyvilon.
  2001 | D:3      | Paralysed by Grinder for 6 turns
  2007 | D:3      | Killed Grinder
  2007 | D:3      | Reached skill level 4 in Conjurations
  2007 | D:3      | Gained mutation: You are immune to clouds of flame. [demonic ancestry]
  2007 | D:3      | Reached XP level 6. HP: 42/44 MP: 0/10
  2426 | D:3      | Learned a level 4 spell: Sticky Flame
  2787 | D:4      | Reached XP level 7. HP: 21/51 MP: 0/12
  3214 | D:4      | You fall through a shaft for 2 floors!
  3358 | D:5      | Entered Level 5 of the Dungeon
  3375 | D:5      | Found a shadowy altar of Dithmenos.
  3386 | D:5      | Noticed Blork the orc
  3396 | D:5      | Killed Blork the orc
  3499 | D:5      | Noticed Eustachio
  3510 | D:5      | Killed Eustachio
  3510 | D:5      | Gained mutation: Your movements are less encumbered by armour (ER -4). [demonic ancestry]
  3510 | D:5      | Reached XP level 8. HP: 18/59 MP: 4/14
  3560 | D:5      | Noticed Duvessa
  3560 | D:5      | Noticed Dowan
  3720 | D:2      | Noticed Crazy Yiuf
  3726 | D:2      | Killed Crazy Yiuf
  3726 | D:2      | Reached skill level 5 in Conjurations
  3899 | D:2      | Killed Terence
  4231 | D:4      | Reached skill level 1 in Long Blades
  4719 | D:5      | Killed Duvessa
  4719 | D:5      | Reached skill level 5 in Fire Magic
  4720 | D:5      | Killed Dowan
  4741 | D:5      | fuck
  4741 | D:5      | thats a horrible choice crawl
  4747 | D:5      | Learned a level 5 spell: Fireball
  4798 | D:5      | Noticed Menkaure
  4804 | D:5      | Killed Menkaure
  5239 | D:6      | Reached XP level 9. HP: 41/66 MP: 14/16
  5676 | D:7      | Reached skill level 6 in Conjurations
  5687 | D:7      | Found a staircase to the Ecumenical Temple.
  5696 | Temple   | Entered the Ecumenical Temple
  5859 | Temple   | Became a worshipper of Gozag Ym Sagoz the Greedy
  5928 | D:7      | Shot with an arrow of flame by a centaur

Vault maps used:
D:1:      dpeg_arrival_shelter
D:2:      zin_angel, serial_forest, infiniplex_forest_clump_C,
          infiniplex_forest_diagonal, infiniplex_forest_lined_1,
          infiniplex_forest_end_double, infiniplex_forest_corner_1,
          infiniplex_forest_clump_medium, infiniplex_forest_straight_5,
          infiniplex_forest_straight_2, infiniplex_forest_lined_room_3,
          uniq_terence, uniq_crazy_yiuf_cottage
D:3:      gammafunk_temple_overflow_forgotten, lightli_sewer_entry_pipes,
          uniq_robin, uniq_grinder, uniq_iyjb
D:4:      lemuel_upstairs_altar, kennysheep_nub
D:5:      first_bread, nicolae_dithmenos_the_darkroom, uniq_blork_the_orc,
          uniq_eustachio, uniq_duvessa, uniq_menkaure
D:7:      nicolae_overflow_hidden_temple, minmay_temple_entry_glass,
          serial_shops, nicolae_shop_window_shopping, the_bakery,
          minmay_misc_feat_square, uniq_joseph
Temple:   water_room_temple_a_12
Sewer:    sewer_kobolds

Action                   |  1- 3 |  4- 6 |  7- 9 || total
-------------------------+-------+-------+-------++-------
Melee: Unarmed           |    57 |       |       ||    57
       Whip              |       |    94 |     4 ||    98
       Trident           |       |       |    21 ||    21
       Scimitar          |       |       |   141 ||   141
 Cast: Flame Tongue      |    19 |    19 |    14 ||    52
       Conjure Flame     |       |     4 |     1 ||     5
       Sticky Flame      |       |       |     9 ||     9
 Abil: Evoke Teleportati |       |     2 |       ||     2
Evoke: Wand              |       |       |     1 ||     1
  Use: Scroll            |     3 |     3 |     5 ||    11
       Potion            |       |     1 |       ||     1
 Stab: Sleeping          |     4 |     2 |     2 ||     8
  Eat: Chunk             |       |     8 |    15 ||    23
